 Dungeon Crawl Stone Soup version 0.26-a0-651-gb41185065b (webtiles) character file.

Game seed: 11739928268919439099

1947 Irenicus the Geomancer (level 8, 0/62 HPs)
             Began as a Deep Dwarf Earth Elementalist on Oct 14, 2020.
             Was a Follower of Makhleb.
             Shot with an arrow by a centaur (5 damage)
             ... on level 7 of the Dungeon.
             The game lasted 00:26:40 (3211 turns).

Irenicus the Geomancer (DDEE)                       Turns: 3211, Time: 00:26:41

Health: 0/62       AC:  6    Str: 13    XL:     8   Next: 98%
Magic:  27/27 (18) EV: 11    Int: 24    God:    Makhleb [*.....]
Gold:   244        SH:  5    Dex: 13    Spells: 14/21 levels left

rFire    . . .     SeeInvis +   y - +8 whip of Cocytus {flame, rC+ MR- Int+7 SInv}
rCold    + . .     Faith    .   (no shield)
rNeg     . . .     Spirit   .   c - +0 ring mail
rPois    .         Reflect  +   (no helmet)
rElec    .         Harm     .   (no cloak)
rCorr    .         Rampage  .   (no gloves)
MR       .....                  e - +0 pair of boots
Stlth    ..........             t - amulet of reflection
HPRegen  0.00/turn              v - ring of magical power {MP+9}
MPRegen  0.20/turn              x - ring of attention (curse)

@: non-regenerating
A: damage resistance, heal wounds, sense surroundings 1, no regeneration
a: Heal Wounds, Renounce Religion


You were on level 7 of the Dungeon.
You worshipped Makhleb.
Makhleb was aware of your devotion.
You visited 2 branches of the dungeon, and saw 8 of its levels.

You collected 484 gold pieces.
You spent 240 gold pieces at shops.

Inventory:

Hand Weapons
 a - a +0 short sword
   (You took it off a kobold on level 1 of the Dungeon)
 y - the +8 whip of Cocytus (weapon) {flame, rC+ MR- Int+7 SInv}
   (You found it on level 5 of the Dungeon)

   It has been specially enchanted to burn those struck by it, causing extra
   injury to most foes and up to half again as much damage against particularly
   susceptible opponents.
   It affects your intelligence (+7).
   It protects you from cold.
   It affects your resistance to hostile enchantments.
   It lets you see invisible.
Missiles
 b - 48 stones (quivered)
Armour
 c - a +0 ring mail (worn)
   (You found it on level 3 of the Dungeon)
 e - a +0 pair of boots (worn)
   (You found it on level 1 of the Dungeon)
Magical Staves
 u - an uncursed staff of fire {rF+}
   (You found it on level 4 of the Dungeon)
Jewellery
 o - a +4 ring of slaying
   (You found it on level 6 of the Dungeon)
 t - an amulet of reflection (around neck)
   (You found it on level 4 of the Dungeon)
 v - a ring of magical power (left hand) {MP+9}
   (You found it on level 4 of the Dungeon)
 x - a cursed ring of attention (right hand)
   (You found it on level 6 of the Dungeon)
Wands
 m - a wand of disintegration (2)
   (You found it on level 2 of the Dungeon)
 n - a wand of digging (5)
   (You found it on level 3 of the Dungeon)
 q - a wand of flame (14)
   (You found it on level 3 of the Dungeon)
 z - a wand of paralysis (3)
   (You found it on level 5 of the Dungeon)
Scrolls
 d - 3 scrolls of remove curse
 g - a scroll of blinking {unknown}
 j - 4 scrolls of teleportation
 p - 2 scrolls of immolation {unknown}
 r - a scroll of enchant armour {unknown}
Potions
 f - 8 potions of curing
 h - a potion of brilliance
 i - a potion of resistance
 k - a potion of magic
 l - a potion of lignification {unknown}
 s - a potion of stabbing
 A - a potion of mutation {!q}
 B - a potion of cancellation


   Skills:
 - Level 2.1 Dodging
 - Level 2.4 Stealth
 + Level 7.0 Spellcasting
 - Level 2.2 Translocations
 - Level 0.8 Transmutations
 - Level 11.1 Earth Magic


You had 14 spell levels left.
You knew the following spells:

 Your Spells              Type           Power        Failure   Level
a - Sandblast             Erth           ######       1%          1
g - Apportation           Tloc           ###...       6%          1
w - Passwall              Tmut/Erth      #####...     1%          2
x - Stone Arrow           Conj/Erth      #####.       4%          3

Your spell library contained the following spells:

 Spells                   Type           Power        Failure   Level
 Lee's Rapid Deconstruct  Erth           ######....   4%          5
 Blink                    Tloc           N/A          10%         2
 Petrify                  Tmut/Erth      #####...     13%         4
 Animate Skeleton         Necr           #.....       16%         1
 Corona                   Hex            #......      16%         1
 Magic Dart               Conj           #...         16%         1
 Pain                     Necr           #...         16%         1
 Summon Small Mammal      Summ           #...         16%         1
 Call Imp                 Summ           #.......     24%         2
 Poisonous Vapours        Pois/Air       #.....       24%         2
 Slow                     Hex            #.......     24%         2
 Conjure Flame            Conj/Fire      #.......     43%         3
 Mephitic Cloud           Conj/Pois/Air  #.......     43%         3
 Vampiric Draining        Necr           #.........   43%         3
 Animate Dead             Necr           #.........   83%         4
 Agony                    Necr           #.......     99%         5
 Freezing Cloud           Conj/Ice/Air   #.........   100%        6


Dungeon Overview and Level Annotations

Branches:
Dungeon (7/15)             Temple (1/1) D:4

Altars:
Ashenzari
Cheibriados
Dithmenos
Fedhas
Hepliaklqana
Makhleb
Nemelex Xobeh
Okawaru
Qazlal
Ru
Sif Muna
Trog
Uskayaw
Vehumet
Wu Jian
Xom
Yredelemnul
Zin
The Shining One

Shops:
D:4 :   D:6 (


Innate Abilities, Weirdness & Mutations

You are resistant to damage.
You can heal yourself by infusing magical energy.
You passively map a small area around you.
You do not regenerate.


Message History

Aiming: Sandblast (safe; 1% risk of failure)
Press: ? - help, Shift-Dir - straight line, f - orc
Aim: an orc, wielding a +1 flail of protection and wearing a +0 leather armour The blast of sand hits the orc but does no damage.
b - 46 stones You now have 14/27 mp.
Casting: Sandblast (safe; 1% risk of failure)
Confirm with . or Enter, or press ? or * to list all spells.
Aiming: Sandblast (safe; 1% risk of failure)
Press: ? - help, Shift-Dir - straight line, f - orc wizard
Aim: an orc wizard, wielding a +0 dagger and wearing a +0 robe The blast of sand hits the orc wizard!!
You kill the orc wizard!
Makhleb accepts your kill.
Your Spellcasting skill increases to level 7!
b - 45 stones You now have 13/27 mp.
Casting: Sandblast (safe; 1% risk of failure)
Confirm with . or Enter, or press ? or * to list all spells.
Aiming: Sandblast (safe; 1% risk of failure)
Press: ? - help, Shift-Dir - straight line, f - orc
Aim: an orc, wielding a +1 flail of protection and wearing a +0 leather armour The blast of sand hits the orc but does no damage.
b - 44 stones You now have 12/27 mp.
Casting: Sandblast (safe; 1% risk of failure)
Confirm with . or Enter, or press ? or * to list all spells.
Aiming: Sandblast (safe; 1% risk of failure)
Press: ? - help, Shift-Dir - straight line, f/p - orc
Aim: an orc, wielding a +1 flail of protection and wearing a +0 leather armour The blast of sand hits the orc!
You kill the orc!
Makhleb accepts your kill.
You feel better.
b - 43 stones
b - 50 stones (gained 7)
Items here: )))) [[ ††††.
Found a stone staircase leading down.
Items here: ( ))) [[[ ††.
b - 51 stones (gained 1)
j - 4 scrolls of teleportation (gained 1)
B - an inky potion You see here a longbow.
You now have 244 gold pieces (gained 11).
Casting: Sandblast (safe; 1% risk of failure)
Confirm with . or Enter, or press ? or * to list all spells.
Aiming: Apportation (safe; 6% risk of failure)
Press: ? - help, Dir - move target cursor Apport: a potion of curing Yoink!
You pull the item towards yourself.
You now have 21/27 mp.
f - 8 potions of curing (gained 1)
You see here a mace.
Found a stone staircase leading down.
An adder comes into view.
The adder hisses angrily.
Casting: Apportation (safe; 6% risk of failure)
Confirm with . or Enter, or press ? or * to list all spells.
Aiming: Sandblast (safe; 1% risk of failure)
Press: ? - help, Shift-Dir - straight line, f - adder
Aim: an adder The blast of sand misses the adder.
b - 50 stones You now have 24/27 mp.
Casting: Sandblast (safe; 1% risk of failure)
Confirm with . or Enter, or press ? or * to list all spells.
Aiming: Sandblast (safe; 1% risk of failure)
Press: ? - help, Shift-Dir - straight line, f/p - adder
Aim: an adder The blast of sand misses the adder.
b - 49 stones You now have 23/27 mp.
Casting: Sandblast (safe; 1% risk of failure)
Confirm with . or Enter, or press ? or * to list all spells.
Aiming: Sandblast (safe; 1% risk of failure)
Press: ? - help, Shift-Dir - straight line, f/p - adder
Aim: an adder The blast of sand hits the adder!!
You kill the adder!
Makhleb accepts your kill.
b - 48 stones You now have 22/27 mp.
Okay, then.
As you read the scroll of identify, it crumbles to dust.
B - a potion of cancellation
As you read the scroll of identify, it crumbles to dust.
A - a potion of mutation MP restored: 27 The orc warrior shouts!
You hear an angry hiss.
You hear a bark!
The adder disappears!
The orc warrior disappears!
The water moccasin disappears!
A centaur comes into view.
The centaur shouts!
The centaur wields a +0 shortbow.
The centaur shoots an arrow.
The arrow hits you.
* * * LOW HITPOINT WARNING * * *
You see here an arrow.
You take 3 damage, and have 5/62 hp.
The centaur shoots an arrow.
The arrow hits you!
You die...

, #.## , #'# * #..# *,
#^# * ######.# ##^#c#
##.#.. ..# #.#
,*.§#.#^.#.#.# #.# #.#
, #^#.#o*#.#.###.###.#
* ^#.#^ #...........#
#.####'####...#.#.#####
#.....@.......#.#.#
#.##.##(#.##......# ..
#.........#.#
###......##.####.#
#########......#
########


You could see a centaur and an orc.

Vanquished Creatures
  A hippogriff (D:7)
  Menkaure (D:6)
  2 orc warriors
  An ice beast (D:7)
  A necrophage (D:7)
  2 ogres (D:6)
  Blork the orc (D:5)
  A big kobold (D:7)
  3 bullfrogs
  A scorpion (D:6)
  2 hounds (D:5)
  2 jellies
  3 orc priests
  3 iguanas
  4 orc wizards
  Natasha (thrice) (D:4)
  3 worker ants
  A hound zombie (D:6)
  10 adders
  An ooze (D:6)
  An ufetubus (D:6)
  An adder skeleton (D:4)
  2 worms
  A dart slug (D:4)
  7 leopard geckos
  10 orcs
  7 bats
  3 giant cockroaches (D:2)
  8 goblins
  8 hobgoblins
  3 quokkas
  3 ball pythons
  5 frilled lizards
  9 kobolds
  A leopard gecko skeleton (D:4)
  11 rats
126 creatures vanquished.

Vanquished Creatures (others)
  A dart slug (D:2)
1 creature vanquished.

Grand Total: 127 creatures vanquished

Notes
Turn   | Place    | Note
-------+----------+-------------------------------------------
     0 | D:1      | Irenicus the Deep Dwarf Earth Elementalist began the quest
                  | for the Orb.
     0 | D:1      | Reached XP level 1. HP: 15/15 MP: 3/3
   234 | D:1      | Reached XP level 2. HP: 22/22 MP: 4/4
   255 | D:1      | Learned a level 2 spell: Passwall
   273 | D:1      | Reached skill level 5 in Earth Magic
   633 | D:2      | Reached XP level 3. HP: 28/28 MP: 0/5
   665 | D:2      | Reached skill level 6 in Earth Magic
   863 | D:2      | Reached XP level 4. HP: 24/36 MP: 0/6
   915 | D:2      | Reached skill level 7 in Earth Magic
  1071 | D:3      | Reached XP level 5. HP: 13/42 MP: 5/7
  1247 | D:3      | Found a bloodstained altar of Trog.
  1546 | D:4      | Reached skill level 8 in Earth Magic
  1561 | D:4      | Found a staircase to the Ecumenical Temple.
  1571 | D:4      | HP: 10/42 [something/puff of flame (3)]
  1590 | Temple   | Entered the Ecumenical Temple
  1703 | D:4      | Found Oki Zahi's Book Shoppe.
  1711 | D:4      | Found a burning altar of Makhleb.
  1714 | D:4      | Became a worshipper of Makhleb the Destroyer
  1774 | D:4      | Found an iron altar of Okawaru.
  1782 | D:4      | Reached XP level 6. HP: 12/49 MP: 5/8
  1793 | D:4      | Found a snail-covered altar of Cheibriados.
  1866 | D:4      | Bought a book of Cantrips for 240 gold pieces
  1868 | D:4      | Learned a level 1 spell: Apportation
  1874 | D:4      | Reached skill level 9 in Earth Magic
  1921 | D:4      | Noticed Natasha
  1927 | D:4      | Killed Natasha
  1955 | D:4      | Noticed Natasha
  1960 | D:4      | Killed Natasha
  1988 | D:4      | Noticed Natasha
  1991 | D:4      | Killed Natasha
  2048 | D:5      | Entered Level 5 of the Dungeon
  2239 | D:5      | Got a faintly glowing whip
  2241 | D:5      | Identified the +8 whip of Cocytus {flame, rC+ MR- Int+7
                  | SInv} (You found it on level 5 of the Dungeon)
  2509 | D:5      | Noticed Blork the orc
  2567 | D:5      | HP: 9/49 [worker ant (3)]
  2568 | D:5      | Reached skill level 1 in Translocations
  2657 | D:5      | Killed Blork the orc
  2657 | D:5      | Reached skill level 2 in Translocations
  2657 | D:5      | Reached skill level 10 in Earth Magic
  2657 | D:5      | Reached XP level 7. HP: 14/55 MP: 9/9
  2714 | D:6      | Noticed Menkaure
  2719 | D:6      | Killed Menkaure
  2727 | D:6      | Reached skill level 11 in Earth Magic
  2735 | D:6      | Learned a level 3 spell: Stone Arrow
  2748 | D:6      | Reached skill level 2 in Spellcasting
  2790 | D:6      | Reached skill level 3 in Spellcasting
  2817 | D:6      | Reached * piety under Makhleb
  2858 | D:6      | Found Ysothia's Antique Weapon Boutique.
  2876 | D:6      | Reached XP level 8. HP: 49/62 MP: 13/13
  2889 | D:6      | Reached skill level 4 in Spellcasting
  2967 | D:6      | Reached skill level 5 in Spellcasting
  2990 | D:7      | Noticed a hippogriff
  2996 | D:7      | Killed a hippogriff
  2996 | D:7      | Reached skill level 6 in Spellcasting
  3088 | D:7      | HP: 14/62 [big kobold/+0 short sword (4)]
  3095 | D:7      | HP: 7/62 [orc warrior/boomerang (8)]
  3104 | D:7      | Reached skill level 7 in Spellcasting
  3210 | D:7      | HP: 5/62 [centaur/arrow (3)]
  3211 | D:7      | Shot with an arrow by a centaur

Illustrated notes

Levels and vault maps discovered:
D:1:      mrwooster_arrival_statue_3, layout_basic
D:2:      layout_basic, lemuel_flame_loot_1
D:3:      layout_basic, bloody_trog, chequers_serial_rivers_marsh
D:4:      layout_basic, kennysheep_mini_moat, cheibriados_altar_1,
          minmay_temple_entry_statues_fountains, serial_shops,
          nicolae_shop_stone, okawaru_gym_becter, uniq_natasha
D:5:      layout_basic, uniq_blork_the_orc
D:6:      layout_rooms, serial_shops, shop, uniq_menkaure
D:7:      layout_loops_cross, grunt_tough_drop
Temple:   eino_temple_rhombus

Skill      XL: |  1  2  3  4  5  6  7  8 |
---------------+-------------------------+-----
Earth Magic    | 5 6 7 8 10 11 | 11.1
Translocations | 2 |  2.2
Spellcasting   | 3 7 |  7.0
Dodging        | |  2.1
Stealth        | |  2.4
Transmutations | |  0.8

Action                   |  1- 3 |  4- 6 |  7- 9 || total
-------------------------+-------+-------+-------++-------
Melee: Short sword       |    32 |    11 |       ||    43
       Whip              |       |     3 |     1 ||     4
       Staff             |       |     1 |       ||     1
 Cast: Sandblast         |    40 |    77 |    65 ||   182
       Passwall          |    10 |    22 |     2 ||    34
       Apportation       |       |    18 |    13 ||    31
Evoke: Wand              |     1 |     9 |     4 ||    14
  Use: Scroll            |     7 |     1 |     3 ||    11
       Potion            |       |     1 |     2 ||     3
 Stab: Sleeping          |     4 |       |       ||     4
       Distracted        |       |     1 |       ||     1
Armor: Robe              |    16 |     2 |       ||    18
       Leather armour    |       |     1 |       ||     1
       Ring mail         |       |     5 |     4 ||     9
Dodge: Dodged            |    29 |    30 |     6 ||    65
Block: Other             |       |       |     8 ||     8
       Reflection        |       |       |     2 ||     2

Table legend: (Time is in decaauts)
 A = Elapsed time spent in this place.
 B = Non-inter-level travel time spent in this place.
 C = Inter-level travel time spent in this place.
 D = Time resting spent in this place.
 E = Time spent auto-exploring this place.
 F = Levels seen in this place.
 G = Mean time per level.
                   A        B        C        D        E       F      G
               +--------+--------+--------+--------+--------+-----+--------+
         Total |   3215 |   3215 |      0 |      0 |      0 |   8 |  401.9 |
       Dungeon |   3136 |   3136 |      0 |      0 |      0 |   7 |  448.0 |
        Temple |     78 |     78 |      0 |      0 |      0 |   1 |   78.0 |
               +--------+--------+--------+--------+--------+-----+--------+

Top non-repeatable levels by time:
     D:1: 626 daAuts
     D:4: 595 daAuts
     D:2: 558 daAuts
     D:3: 437 daAuts
     D:5: 421 daAuts
     D:6: 270 daAuts
     D:7: 226 daAuts
  Temple: 78 daAuts

Table legend:
 A = Kills in this place as a percentage of kills in entire the game.
 B = Kills by you in this place as a percentage of kills by you in the entire game.
 C = Kills by friends in this place as a percentage of kills by friends in the entire game.
 D = Other kills in this place as a percentage of other kills in the entire game.
 E = Experience gained in this place as a percentage of experience gained in the entire game.
 F = Experience gained in this place divided by the number of levels of this place that you have seen.
                   A       B       C       D       E      F
               +-------+-------+-------+-------+-------+----------------------
         Total | 100.0 | 100.0 |   N/A |   N/A | 100.0 | 347.8
       Dungeon | 100.0 | 100.0 |   N/A |   N/A | 100.0 | 397.4
               +-------+-------+-------+-------+-------+----------------------
